 Dungeon Crawl Stone Soup version 0.30-a0-879-ga8ba668304 (webtiles) character file.

Game seed: 5462643033840161959

108053 Newt the Crack Shot (level 17, -7/100 HPs)
             Began as a Kobold Hunter on Mar 13, 2023.
             Was the Champion of Hepliaklqana.
             Shot with an arrow by a centaur warrior (10 damage)
             ... on level 14 of the Dungeon.
             The game lasted 00:30:18 (20662 turns).

Newt the Crack Shot (Kobold Hunter)                Turns: 20662, Time: 00:30:20

Health: -7/100     AC: 16    Str:  8    XL:     17   Next: 3%
Magic:  24/24      EV: 26    Int: 10    God:    Hepliaklqana [******]
Gold:   991        SH:  0    Dex: 30    Spells: 28/30 levels left

rFire   + . .      SeeInvis .    W - +0 triple crossbow (heavy)
rCold   x . .      Faith    .    (shield currently unavailable)
rNeg    + + .      Spirit   .    V - +4 troll leather armour
rPois   .          Reflect  .    u - +1 helmet of the Thunderstorm {Harm rF+ Dex+3}
rElec   .          Rampage  .    H - +0 cloak
rCorr   +          Harm     + .  q - +2 pair of gloves
Will    ++...                    (no boots)
Stlth   +++++                    O - amulet of Uvihuuco {Acrobat +Blink rC- rN++ Stlth+}
HPRegen 1.16/turn                x - ring of resist corrosion
MPRegen 0.19/turn                R - ring of willpower

@: marked, on blink cooldown, studying Armour
A: reduced essence, small, no large weapons, nightstalker 3, low MP 1, robust 1,
sturdy frame 1
a: Renounce Religion, Evoke Blink, Recall Ancestor, Ancestor Identity,
Transference, Idealise


You were on level 14 of the Dungeon.
You worshipped Hepliaklqana.
Hepliaklqana was exalted by your worship.
You visited 4 branches of the dungeon, and saw 22 of its levels.
You also visited: Sewer and Bailey.

You collected 2238 gold pieces.
You spent 1247 gold pieces at shops.

Inventory:

Hand Weapons
 l - a +1 hand crossbow of draining
 U - a +2 sling of draining
 W - a +0 heavy triple crossbow (weapon)
Missiles
 m - 5 throwing nets
Armour
 q - a +2 pair of gloves (worn)
 u - the +1 helmet of the Thunderstorm (worn) {Harm rF+ Dex+3}
   (You found it on level 5 of the Dungeon)

   Dex:       It affects your dexterity (+3).
   rF:        It protects you from fire.
   Harm:      It increases damage dealt and taken.
 H - a +0 cloak (worn)
 S - a +0 leather armour of willpower
 V - a +4 troll leather armour (worn)
Jewellery
 c - an amulet of faith
 x - a ring of resist corrosion (left hand)
 D - a ring of positive energy
 O - the amulet of Uvihuuco (around neck) {Acrobat +Blink rC- rN++ Stlth+}
   (You bought it in a shop on level 6 of the Dungeon)

   [amulet of the acrobat]

   It increases your evasion while moving and waiting.
   rC:        It makes you vulnerable to cold.
   rN:        It greatly protects you from negative energy.
   +Blink:    It lets you blink.
   Stlth:     It makes you more stealthy.
 Q - an amulet of regeneration
 R - a ring of willpower (right hand)
Wands
 f - a wand of mindburst (22)
 k - a wand of paralysis (11)
 r - a wand of polymorph (3)
 z - a wand of flame (34)
 B - a wand of light (7)
 Y - a wand of iceblast (3)
Scrolls
 a - a scroll of enchant weapon
 b - 7 scrolls of immolation
 e - 8 scrolls of fear
 h - 6 scrolls of teleportation
 y - 3 scrolls of identify
 E - a scroll of amnesia
 F - 4 scrolls of fog
 K - 3 scrolls of poison
 L - a scroll of magic mapping
 X - a scroll of silence
Potions
 d - 2 potions of cancellation
 g - a potion of heal wounds
 i - 6 potions of brilliance
 j - 7 potions of curing
 n - 2 potions of haste
 o - 3 potions of magic
 p - 5 potions of mutation
 s - 3 potions of might
 t - 2 potions of berserk rage
 A - 6 potions of lignification
 C - 5 potions of ambrosia
 J - 5 potions of invisibility
 N - a potion of flight
 Z - a potion of resistance
Miscellaneous
 v - a tin of tremorstones (2/2)
 w - a box of beasts
 G - a tin of tremorstones (2/2)
 M - a lightning rod (4/4)
 T - a phial of floods


   Skills:
 - Level 9.3 Fighting
 - Level 26.0 Ranged Weapons
 + Level 8.4 Armour
 - Level 10.0 Dodging
 - Level 1.3 Stealth
 - Level 0.4 Shields
 - Level 7.0 Spellcasting
 - Level 7.0 Transmutations
 - Level 9.0 Invocations
 - Level 10.0 Evocations


You had 28 spell levels left.
You knew the following spells:

 Your Spells              Type           Power      Damage    Failure   Level
a - Wereblood             Tmut           17%        N/A       1%          2

Your spell library contained the following spells:

 Spells                   Type           Power      Damage    Failure   Level
 Passwall                 Tmut/Erth      8%         N/A       7%          2
 Spider Form              Tmut/Pois      10%        N/A       14%         3
 Apportation              Tloc           6%         N/A       21%         1
 Sandblast                Erth           6%         2d5       21%         1
 Shock                    Conj/Air       12%        1d3       21%         1
 Blink                    Tloc           6%         N/A       30%         2
 Cigotuvi's Dreadful Rot  Necr/Pois/Air  6%         N/A       30%         2
 Ensorcelled Hibernation  Hex/Ice        6%         N/A       30%         2
 Static Discharge         Conj/Air       6%         2-3/arc   30%         2
 Sublimation of Blood     Necr           3%         N/A       30%         2
 Blade Hands              Tmut           8%         N/A       30%         5
 Petrify                  Tmut/Erth      10%        N/A       43%         4
 Kindle Blastsparks       Fire/Tloc/Air  6%         2d10      52%         3
 Ozocubu's Armour         Ice            3%         N/A       52%         3
 Portal Projectile        Hex/Tloc       6%         N/A       52%         3
 Stone Arrow              Conj/Erth      6%         3d7       52%         3
 Swiftness                Air            3%         N/A       52%         3
 Tukima's Dance           Hex            3%         N/A       52%         3
 Vhi's Electric Charge    Tloc/Air       6%         N/A       52%         3
 Alistair's Intoxication  Tmut/Pois      6%         N/A       78%         5
 Irradiate                Conj/Tmut      5%         3d13      78%         5
 Airstrike                Air            1%         2d(1-17)  89%         4
 Anguish                  Hex/Necr       1%         N/A       89%         4
 Fulminant Prism          Conj/Hex       1%         3d5       89%         4
 Iskenderun's Mystic Bla  Conj/Tloc      3%         2d3       89%         4
 Arcjolt                  Conj/Air       1%         1d11      99%         5
 Freezing Cloud           Conj/Ice/Air   1%         6-21      99%         5
 Iskenderun's Battlesphe  Conj           3%         2d6       99%         5
 Lee's Rapid Deconstruct  Erth           1%         3d4*      99%         5
 Lightning Bolt           Conj/Air       1%         1d12      99%         5
 Iron Shot                Conj/Erth      1%         9d1       100%        6
 Simulacrum               Ice/Necr       1%         N/A       100%        6
 Ozocubu's Refrigeration  Ice            1%         4d7       100%        7
 Spellforged Servitor     Conj/Summ      1%         N/A       100%        7
 Summon Hydra             Summ           1%         N/A       100%        7
 Polar Vortex             Ice            1%         N/A       100%        9


Dungeon Overview and Level Annotations

Branches:
Dungeon (14/15)            Temple (1/1) D:6            Lair (5/5) D:8
 Shoals (0/4) Lair:2       Spider (0/4) Lair:2        Slime (0/5) Lair:4
    Orc (2/2) D:11            Elf (0/3) Orc:2        Vaults (0/5) D:14
  Sewer (visited)          Bailey (visited)

Altars:
Cheibriados
Dithmenos
Elyvilon
Fedhas
Hepliaklqana
Kikubaaqudgha
Makhleb
Nemelex Xobeh
Okawaru
Qazlal
Ru
Sif Muna
Trog
Uskayaw
Vehumet
Wu Jian
Xom
Yredelemnul
Zin
The Shining One

Shops:
D:6 *=(   D:10 [?(   Orc:1 *   Orc:2 :!?[

Portals:
Hell: Lair:5
Trove: D:11 (give +5 demon whip)

Annotations:
Temple 2 transporters


Innate Abilities, Weirdness & Mutations

Your life essence is reduced to manifest your ancestor. (-10% HP)
You are small and have problems with some larger weapons.
You are completely attuned to the shadows.
Your magical capacity is low. (-10% MP)
You are robust. (+10% HP)
Your movements are slightly less encumbered by armour. (ER -2)


Message History

The large rock hits you!!
You shoot a bolt. Cuetlachtli avoids your attack.
The bolt hits the centaur warrior!!
You kill the centaur warrior!
A skeletal warrior comes into view. It is wielding a +0 hand axe.
Unknown command.
You shoot a bolt. The bolt hits the cyclops!
The cyclops is moderately wounded.
A centaur warrior comes into view.
The cyclops throws a large rock.
The large rock hits you!
Unknown command.
You shoot a bolt. The bolt hits the cyclops!!!
You kill the cyclops!
The centaur warrior wields a +0 longbow.
The centaur warrior shoots an arrow.
The arrow hits you!!
* * * LOW HITPOINT WARNING * * *
A tengu warrior comes into view.
It is wielding a +0 war axe and wearing a +2 kite shield of cold resistance.
You are too injured to fight recklessly!
Unknown command.
You shoot a bolt.
The bolt closely misses the skeletal warrior.
Cuetlachtli closely misses the skeletal warrior.
Cuetlachtli hits the plant with a +0 broad axe of flaming.
The plant begins to die.
Cuetlachtli burns the plant.
A skeletal warrior comes into view. It is wielding a +0 battleaxe.
The skeletal warrior hits you but does no damage.
The skeletal warrior hits Cuetlachtli with a +0 hand axe!!
The centaur warrior shoots an arrow.
The arrow closely misses Cuetlachtli.
The arrow hits you!
* * * LOW HITPOINT WARNING * * *
Cuetlachtli blocks something's attack.
Unknown command.
Okay, then.
You blink.
The centaur warrior shoots an arrow.
The arrow hits you!
* * * LOW HITPOINT WARNING * * *
Cuetlachtli closely misses the skeletal warrior.
Cuetlachtli hits the centaur warrior with a +0 broad axe of flaming!
Cuetlachtli burns the centaur warrior.
The centaur warrior shoots an arrow.
The arrow hits you!
You die...

##...<## ##....# #....#
###..## #...###
#...ยง.## #...#R.####
#..Q.c....#.. ###
#...zP..@.....# ###.###
#.z..._.(.......#...#.##
....P.P........#......#
.............#.....##
.........#..........#
##.........#
............
............
............


You could see the friendly Cuetlachtli the knight, a skeletal warrior (ally
target) and a centaur warrior.

Vanquished Creatures
  A tengu reaver (D:14)
  The ghost of Nialiw the Quickloader, a journeyman GnHu of Okawaru (D:13)
  A merfolk impaler (D:13)
  A merfolk javelineer (D:13)
  Josephine (Orc:1)
  8 hydras
  Fannar (D:11)
  4 centaur warriors
  2 ogre magi (Orc:2)
  3 boulder beetles
  3 tengu warriors
  6 two-headed ogres
  A death knight (D:14)
  9 death yaks
  An orc high priest (Orc:2)
  A sun demon (Lair:5)
  A skyshark (Lair:3)
  A skeletal warrior (D:14)
  Pikel (D:5)
  A steelbarb worm (shapeshifter) (D:13)
  3 wizards
  2 necromancers (D:14)
  2 orc knights
  The ghost of asti the Cleaver, a novice MiFi of Okawaru (D:7)
  The ghost of jlumianski the Chopper, a novice DsFi (D:7)
  An oklob plant (Lair:2)
  8 orc sorcerers (Orc:2)
  2 manticores
  7 cyclopes
  4 ugly things
  The ghost of pigah the Zephyrmancer, a novice OpWn (D:4)
  3 merfolk sirens (Lair:2)
  7 black mambas
  9 elephants
  14 cane toads
  3 orange demons (Lair:5)
  A gargoyle (Bailey)
  A torpor snail (Lair:3)
  An unseen horror (D:11)
  7 rime drakes
  An efreet (D:14)
  A kobold demonologist (D:9)
  2 ice devils (Lair:5)
  7 komodo dragons
  A hellwing (Lair:5)
  A queen bee (shapeshifter) (D:13)
  A merfolk (Lair:2)
  Prince Ribbit (D:6)
  6 trolls
  4 polar bears
  A wolf spider simulacrum (D:14)
  A hornet (D:9)
  A queen bee (Lair:2)
  16 blink frogs
  The ghost of pigah the Magician, an amateur OpWn (D:4)
  16 dream sheep
  A centaur simulacrum (D:14)
  A shadow (D:9)
  4 jumping spiders (Lair:2)
  Sigmund (D:3)
  A spriggan (shapeshifter) (D:14)
  5 slime creatures (D:13)
  A vampire (Bailey)
  3 wraiths
  3 wyverns
  4 basilisks
  48 yaks
  4 vampire mosquitoes
  2 steam dragons
  An acid dragon (D:8)
  5 wargs
  5 hell hounds (Lair:5)
  14 water moccasins
  Duvessa (D:5)
  An ice beast (shapeshifter) (D:14)
  6 orc warriors
  2 ice beasts
  2 black bears
  12 wolves
  9 ogres
  8 centaurs
  3 lemures (D:5)
  6 kobold brigands
  6 bullfrogs
  2 scorpions
  A gnoll sergeant (D:8)
  5 wights
  Dowan (D:5)
  29 killer bees
  7 vampire bats (Bailey)
  An electric eel (Lair:3)
  4 howler monkeys
  8 wolf zombies (Bailey)
  A centaur zombie (D:4)
  6 jellies
  4 hounds
  Crazy Yiuf (D:6)
  2 gnoll boudas
  7 orc priests
  An iguana (D:7)
  22 orc wizards
  Ijyb (D:5)
  2 human simulacra (D:12)
  9 adders
  7 gnolls
  2 river rats
  An ufetubus (D:5)
  An adder zombie (D:4)
  3 worms
  4 dart slugs
  24 orcs
  12 ball pythons
  13 endoplasms
  10 giant cockroaches
  12 goblins
  10 hobgoblins
  4 jackals (D:2)
  26 kobolds
  A quokka (D:4)
  5 bats
  6 frilled lizards
  24 orc zombies (Bailey)
  9 rats
  A butterfly (D:6)
635 creatures vanquished.

Vanquished Creatures (collateral kills)
  A dire elephant (Lair:5)
  2 hydras
  2 death yaks
  Urug (Lair:1)
  An orc knight (D:13)
  An orc sorcerer (Orc:2)
  A manticore (D:13)
  A black mamba (Lair:3)
  A torpor snail (Lair:5)
  An unseen horror (D:11)
  2 cane toads
  A kobold demonologist (D:13)
  A rime drake (Lair:1)
  2 trolls
  A hornet (D:10)
  7 dream sheep
  3 blink frogs
  A slime creature (D:13)
  A vampire (D:11)
  A wraith (Orc:1)
  15 yaks
  2 basilisks (Lair:2)
  A vampire mosquito (D:12)
  Grum (D:8)
  2 wargs
  4 water moccasins
  3 orc warriors
  A sky beast (D:7)
  2 wolves
  A centaur (D:11)
  A kobold brigand (D:13)
  3 bullfrogs
  4 wights
  4 killer bees
  4 orc priests (Orc:2)
  2 jellies (Lair:4)
  10 orc wizards
  11 orcs
103 creatures vanquished.

Vanquished Creatures (others)
  A killer bee (Lair:2)
  8 knights
  5 ancestors
  13 fungi
  22 plants
  A withered plant (D:7)
50 creatures vanquished.

Grand Total: 788 creatures vanquished

Notes
Turn   | Place    | Note
-------+----------+-------------------------------------------
     0 | D:1      | Newt the Kobold Hunter began the quest for the Orb.
     0 | D:1      | Reached XP level 1. HP: 12/12 MP: 1/1
   101 | D:1      | Reached XP level 2. HP: 18/18 MP: 2/2
   384 | D:1      | Found a faded altar of an unknown god.
   672 | D:2      | Reached XP level 3. HP: 23/23 MP: 3/3
  1168 | D:2      | Reached XP level 4. HP: 30/30 MP: 4/4
  1415 | D:3      | Noticed Sigmund
  1418 | D:3      | Killed Sigmund
  1419 | D:3      | Reached skill level 5 in Fighting
  1419 | D:3      | Reached skill level 7 in Ranged Weapons
  1419 | D:3      | Reached XP level 5. HP: 31/35 MP: 5/5
  1419 | D:3      | Reached XP level 6. HP: 35/40 MP: 6/6
  1616 | D:3      | Reached skill level 8 in Ranged Weapons
  2104 | D:3      | Found a shimmering altar of Xom.
  2285 | D:3      | Reached XP level 7. HP: 35/44 MP: 7/7
  2308 | D:3      | Reached skill level 9 in Ranged Weapons
  2704 | D:4      | Found a glowing drain.
  2713 | D:4      | Reached skill level 10 in Ranged Weapons
  2720 | Sewer    | Entered a sewer
  2851 | Sewer    | Found a viscous altar of Jiyva.
  2954 | D:4      | Gained mutation: Your magical capacity is low. (-10% MP)
                  | [potion of mutation]
  2954 | D:4      | Gained mutation: You are robust. (+10% HP) [potion of
                  | mutation]
  2954 | D:4      | Gained mutation: Your movements are slightly less
                  | encumbered by armour. (ER -2) [potion of mutation]
  3036 | D:4      | Found a runed translucent gate.
  3037 | D:4      | Found a runed translucent gate.
  3038 | D:4      | Found a runed translucent gate.
  3138 | D:4      | Reached XP level 8. HP: 53/53 MP: 7/7
  3381 | D:4      | Found a runed translucent gate.
  3382 | D:4      | Found a runed translucent gate.
  3382 | D:4      | Noticed pigah's ghost (amateur OpWn)
  3383 | D:4      | Found a runed translucent gate.
  3384 | D:4      | Found a basalt altar of Yredelemnul.
  3399 | D:4      | Reached skill level 5 in Dodging
  3483 | D:4      | Noticed pigah's ghost (novice OpWn)
  3606 | D:5      | Entered Level 5 of the Dungeon
  3608 | D:5      | Identified the +1 helmet of the Thunderstorm {Harm rF+
                  | Dex+3}
  3751 | D:5      | Noticed Ijyb
  3756 | D:5      | Noticed Duvessa
  3760 | D:5      | Killed Ijyb
  3761 | D:5      | Noticed Dowan
  3764 | D:5      | Killed Duvessa
  3765 | D:5      | Reached skill level 1 in Spellcasting
  3765 | D:5      | Reached skill level 1 in Transmutations
  3768 | D:5      | Killed Dowan
  4245 | D:5      | Noticed Pikel
  4257 | D:5      | Killed Pikel
  4258 | D:5      | Reached XP level 9. HP: 35/59 MP: 10/13
  4322 | D:5      | Learned a level 2 spell: Wereblood
  4364 | D:4      | Killed pigah's ghost
  4449 | D:4      | Reached skill level 5 in Spellcasting
  4449 | D:4      | Reached skill level 5 in Transmutations
  4471 | D:4      | Killed pigah's ghost
  4987 | D:6      | Found a runed translucent door.
  4990 | D:6      | Noticed Crazy Yiuf
  5138 | D:6      | Found Urusho's General Store.
  5248 | D:6      | Found a staircase to the Ecumenical Temple.
  5256 | D:6      | Noticed Prince Ribbit
  5261 | D:6      | Killed Prince Ribbit
  5266 | Temple   | Entered the Ecumenical Temple
  5269 | Temple   | Found a transporter.
  5269 | Temple   | Found a transporter.
  5271 | Temple   | Found a transporter.
  5271 | Temple   | Found a transporter.
  5296 | Temple   | Became a worshipper of Hepliaklqana the Forgotten
  5345 | D:6      | Reached XP level 10. HP: 64/64 MP: 16/17
  5454 | D:6      | Found Kaodacus's Antique Weapon Boutique.
  5462 | D:6      | Found Foneela's Jewellery Emporium.
  5475 | D:6      | Found a bloodstained altar of Trog.
  5738 | D:6      | Killed Crazy Yiuf
  5848 | D:7      | Found a flagged portal.
  5858 | Bailey   | Entered a bailey
  6001 | Bailey   | Noticed a gargoyle
  6014 | Bailey   | Killed a gargoyle
  6015 | Bailey   | Reached skill level 11 in Ranged Weapons
  6506 | Bailey   | Reached skill level 12 in Ranged Weapons
  6683 | D:7      | Reached skill level 15 in Ranged Weapons
  6683 | D:7      | Reached XP level 11. HP: 78/78 MP: 19/19
  6760 | D:7      | Found a runed translucent gate.
  6761 | D:7      | Found a runed translucent gate.
  6762 | D:7      | Found a runed translucent gate.
  6832 | D:7      | Reached * piety under Hepliaklqana
  7478 | D:7      | Noticed jlumianski's ghost (novice DsFi)
  7478 | D:7      | Noticed asti's ghost (novice MiFi)
  7494 | D:7      | Killed asti's ghost
  7505 | D:7      | Killed jlumianski's ghost
  7643 | D:8      | Noticed a cyclops
  7655 | D:8      | Killed a cyclops
  7754 | D:8      | Noticed a green ugly thing
  8111 | D:8      | Noticed Grum
  8292 | D:7      | Reached XP level 12. HP: 63/76 MP: 14/20
  8339 | D:7      | Reached skill level 10 in Dodging
  8359 | D:8      | Reached skill level 1 in Invocations
  8360 | D:8      | Killed Grum
  8513 | D:8      | Found a staircase to the Lair.
  8640 | D:8      | Reached ** piety under Hepliaklqana
  8641 | D:8      | Remembered your ancestor Cuetlachtli as a knight
  8918 | D:6      | Bought the amulet of Uvihuuco {Acrobat +Blink rC- rN++
                  | Stlth+} for 503 gold pieces
  9152 | D:9      | Noticed a two-headed ogre
  9163 | D:9      | Killed a two-headed ogre
  9164 | D:9      | Reached skill level 5 in Invocations
  9984 | D:10     | Entered Level 10 of the Dungeon
 10171 | D:10     | Found Tiddad's Weapon Shoppe.
 10176 | D:10     | Noticed a two-headed ogre
 10181 | D:10     | Killed a two-headed ogre
 10182 | D:10     | Bought a +1 sling of draining for 116 gold pieces
 10228 | D:10     | Found Woso's Antique Armour Shop.
 10289 | D:10     | Found Fuylim's Magic Scroll Shoppe.
 10913 | D:11     | Reached *** piety under Hepliaklqana
 10978 | D:11     | Reached skill level 1 in Evocations
 11095 | D:11     | Found a portal to a secret trove of treasure.
 11180 | D:11     | Reached skill level 5 in Evocations
 11180 | D:11     | Reached XP level 13. HP: 64/80 MP: 21/21
 11217 | D:11     | Found a staircase to the Orcish Mines.
 11237 | D:11     | Noticed Fannar
 11481 | D:11     | Killed Fannar
 11987 | Lair:1   | Entered Level 1 of the Lair of Beasts
 12143 | Lair:1   | Noticed Urug
 12152 | Lair:1   | Killed Urug
 12216 | Lair:1   | Reached skill level 10 in Evocations
 12373 | Lair:1   | Got Everyday Thaumaturgy
 12404 | Lair:1   | Reached skill level 1 in Armour
 12973 | Lair:2   | Found a staircase to the Shoals.
 13025 | Lair:2   | Reached **** piety under Hepliaklqana
 13069 | Lair:2   | Found a hole to the Spider Nest.
 13208 | Lair:2   | Reached skill level 5 in Armour
 13399 | Lair:2   | Found a shadowy altar of Dithmenos.
 13498 | Lair:2   | Reached XP level 14. HP: 80/86 MP: 22/22
 14015 | Lair:3   | Reached skill level 16 in Ranged Weapons
 14255 | Lair:3   | Reached skill level 17 in Ranged Weapons
 14448 | Lair:3   | Reached skill level 18 in Ranged Weapons
 14665 | Lair:3   | Reached skill level 19 in Ranged Weapons
 15186 | Lair:4   | Reached XP level 15. HP: 90/90 MP: 23/23
 15290 | Lair:4   | Reached skill level 20 in Ranged Weapons
 15357 | Lair:4   | Reached ***** piety under Hepliaklqana
 15399 | Lair:4   | Found a staircase to the Slime Pits.
 15794 | Lair:5   | Entered Level 5 of the Lair of Beasts
 15879 | Lair:5   | Reached skill level 21 in Ranged Weapons
 15883 | Lair:5   | Identified a scroll of acquirement
 15884 | Lair:5   | Acquired a manual of Armour
 16308 | Lair:5   | HP: 3/90 [death yak (25)]
 16311 | Lair:5   | Reached skill level 22 in Ranged Weapons
 16977 | Lair:5   | Reached skill level 23 in Ranged Weapons
 16991 | Lair:5   | Found a burning altar of Makhleb.
 16997 | Lair:5   | Found a gateway to Hell.
 17047 | Lair:5   | Acquired a +1 hand crossbow of draining
 17245 | Orc:1    | Entered Level 1 of the Orcish Mines
 17255 | Orc:1    | Noticed Josephine
 17259 | Orc:1    | Killed Josephine
 17276 | Orc:1    | Found Betyteph's Overcharged Wands.
 17313 | Orc:1    | Reached XP level 16. HP: 96/96 MP: 23/23
 17577 | Orc:2    | Entered Level 2 of the Orcish Mines
 17834 | Orc:2    | Found a staircase to the Elven Halls.
 17871 | Orc:2    | Paralysed by an orc sorcerer for 3 turns
 17914 | Orc:2    | Found a radiant altar of Vehumet.
 17928 | Orc:2    | Reached skill level 24 in Ranged Weapons
 17958 | Orc:2    | Found an ancient bone altar of Kikubaaqudgha.
 17985 | Orc:2    | Found Ofoastr Newan's Book Emporium.
 17990 | Orc:2    | Bought a book of Weapons for 336 gold pieces
 18003 | Orc:2    | Found Buubyrevo's Antique Armour Shoppe.
 18052 | Orc:2    | Found Ymyoskah's Magic Scroll Emporium.
 18060 | Orc:2    | Bought a scroll of enchant armour for 75 gold pieces
 18065 | Orc:2    | Found Eviamitetz's Distillery.
 18684 | D:10     | Bought a pair of runed gloves for 217 gold pieces
 19761 | D:13     | Found a runed translucent gate.
 19762 | D:13     | Found a runed translucent gate.
 19764 | D:13     | Reached skill level 25 in Ranged Weapons
 19764 | D:13     | Found a runed translucent gate.
 19778 | D:13     | Reached ****** piety under Hepliaklqana
 20014 | D:13     | Noticed Nialiw's ghost (journeyman GnHu)
 20028 | D:13     | Killed Nialiw's ghost
 20082 | D:13     | Found an iron altar of Okawaru.
 20329 | D:14     | Found a gate to the Vaults.
 20366 | D:14     | Reached skill level 26 in Ranged Weapons
 20562 | D:14     | Noticed a tengu reaver
 20566 | D:14     | Killed a tengu reaver
 20606 | D:14     | Reached XP level 17. HP: 100/100 MP: 24/24
 20650 | D:14     | Found a blossoming altar of Fedhas.
 20662 | D:14     | HP: 3/100 [centaur warrior/arrow (16)]
 20662 | D:14     | Shot with an arrow by a centaur warrior

Illustrated notes

Levels and vault maps discovered:
D:1:      saegor_arrival_simple_c, layout_basic,
          chequers_ecumenical_altar_simple_redux
D:2:      layout_basic
D:3:      layout_rooms, mainiacjoe_overflow_alcove_4, fountainhead,
          minmay_randomly_rotated_circles, uniq_sigmund
D:4:      layout_cave_pools, nicolae_yredelemnul_ghost_church,
          gammafunk_ghost_split, portal_sewer_entry_b,
          kennysheep_generic_room_14
D:5:      layout_basic, uniq_pikel, uniq_ijyb, uniq_duvessa
D:6:      layout_loops_ring, mainiacjoe_overflow_boulevard,
          minmay_temple_entry_butterflies, serial_shops, nicolae_shop_crystal,
          nicolae_shop_competitors_out_of_business,
          nicolae_shop_advertising_works [nicolae_subvault_shop_adworks],
          kennysheep_generic_room_10, uniq_crazy_yiuf_cottage,
          uniq_prince_ribbit1
D:7:      layout_loops_ring, gammafunk_ghost_cemetery, enter_bailey_5,
          amcnicky_mini_rare_corridor_liquid
D:8:      cheibrodos_fzero, layout_rooms, lair_entry_dummy,
          roderic_roman_lattice, uniq_grum
D:9:      layout_roguey, nrook_mini_backslash
D:10:     layout_long_grid, serial_shops, nicolae_square_shop, shop_statue,
          nicolae_shop_behind_doors, grunt_decor_resistance
D:11:     layout_gridville, minmay_orc_entry_guard_dogs, enter_trove_0,
          uniq_fannar
D:12:     layout_irregular_city, bh_circular_ruins
D:13:     minmay_stone_box, layout_rooms, gammafunk_ghost_fury_of_okawaru
D:14:     layout_cave_pools, david_vaults_1, fedhas_altar_1,
          chequers_serial_rivers_micro_e, nicolae_rejected_hall
Temple:   hellmonk_temple_divided_pantheon
Lair:1:   layout_loops_ring, minivault_26, grunt_megastairs_2, uniq_urug
Lair:2:   regret_index_bee_streams, layout_chaotic_city,
          elwin_shoals_entry_stream, spider_nest_entry_a, st_stairs_4,
          lemuel_oklob_altar
Lair:3:   nzn_winding_woodlands_stair_cross [nzn_winding_woodlands_5x15_cabin,
          nzn_winding_woodlands_center_triple_pond,
          nzn_winding_woodlands_5x15_crooked, nzn_winding_woodlands_5x5_three,
          nzn_winding_woodlands_5x5_default,
          nzn_winding_woodlands_5x15_concentric,
          nzn_winding_woodlands_center_diamonds,
          nzn_winding_woodlands_5x15_river_crossing], layout_loops_ring
Lair:4:   layout_hall_layers, nicolae_slime_entry_field_trip,
          grunt_megastairs_4, lemuel_fruit_tree
Lair:5:   evil_forest, layout_regular_city, grunt_megastairs_1
Orc:1:    layout_caves, nicolae_shop_overcharged_wands, uniq_josephine
Orc:2:    kennysheep_orc_mage_school, layout_diamond_mine

Skill      XL: |  1  2  3  4  5  6  7  8  9 10 11 12 13 14 15 16 |
---------------+-------------------------------------------------+-----
Fighting       | 3 4 5 9 |  9.3
Ranged Weapons | 7 8 10 15 19 23 26 | 26.0
Dodging        | 4 6 9 10 | 10.0
Spellcasting   | 4 6 7 |  7.0
Transmutations | 4 6 7 |  7.0
Invocations    | 9 |  9.0
Evocations     | 5 10 | 10.0
Armour         | 6 8 |  8.4
Stealth        | |  1.3
Shields        | |  0.4

Action                     |  1- 3 |  4- 6 |  7- 9 | 10-12 | 13-15 | 16-18 || total
---------------------------+-------+-------+-------+-------+-------+-------++-------
   Fire: Shortbow          |    54 |    66 |   299 |   401 |       |       ||   820
         Sling             |       |       |       |   143 |   167 |       ||   310
         Triple crossbow   |       |       |       |       |   383 |   206 ||   589
   Cast: Wereblood         |       |       |     1 |    15 |     5 |     1 ||    22
 Invoke: Recall Ancestor   |       |       |       |     1 |       |     1 ||     2
         Ancestor Life: Kn |       |       |       |     1 |       |       ||     1
         Idealise          |       |       |       |       |       |     1 ||     1
Ability: Evoke Blink       |       |       |       |       |       |     1 ||     1
  Evoke: Wand              |       |       |       |     1 |       |       ||     1
         Phial of floods   |       |       |       |       |     1 |       ||     1
    Use: Scroll            |     6 |     3 |     5 |    12 |    11 |     1 ||    38
         Potion            |     1 |       |     5 |     6 |     4 |     2 ||    18
 Armour: Leather armour    |     2 |     6 |    32 |    37 |       |       ||    77
         Troll leather arm |       |       |       |    12 |    81 |    20 ||   113
  Dodge: Dodged            |    12 |    19 |   120 |   320 |   461 |   136 ||  1068
  Block: Kite shield       |       |       |       |    65 |    84 |       ||   149

Table legend: (Time is in decaauts)
 A = Elapsed time spent in this place.
 B = Non-inter-level travel time spent in this place.
 C = Inter-level travel time spent in this place.
 D = Time resting spent in this place.
 E = Time spent auto-exploring this place.
 F = Levels seen in this place.
 G = Mean time per level.
                   A        B        C        D        E       F      G
               +--------+--------+--------+--------+--------+-----+--------+
         Total |  21142 |  19856 |   1286 |   2177 |  14192 |  24 |  880.9 |
       Dungeon |  13209 |  12275 |    934 |   1819 |   8738 |  14 |  943.5 |
        Temple |     46 |     46 |      0 |      0 |      9 |   1 |   46.0 |
          Lair |   5599 |   5349 |    250 |    343 |   3853 |   5 | 1119.8 |
  Orcish Mines |   1268 |   1168 |    100 |      0 |    910 |   2 |  634.0 |
         Sewer |    257 |    257 |      0 |      0 |    156 |   1 |  257.0 |
        Bailey |    760 |    760 |      0 |     15 |    525 |   1 |  760.0 |
               +--------+--------+--------+--------+--------+-----+--------+

Top non-repeatable levels by time:
     D:7: 1728 daAuts
  Lair:5: 1396 daAuts
     D:3: 1342 daAuts
  Lair:3: 1282 daAuts
     D:6: 1220 daAuts
    D:11: 1219 daAuts
  Lair:2: 1189 daAuts
     D:9: 1015 daAuts
    D:12: 959 daAuts
     D:4: 953 daAuts
  Lair:1: 918 daAuts
   Orc:2: 908 daAuts
    D:10: 844 daAuts
  Lair:4: 812 daAuts
  Bailey: 760 daAuts
